 Dungeon Crawl Stone Soup version 0.31-a0-219-g8d62b2e7bb (webtiles) character file.

Game seed: 6096117002762672427

11 qw the Shooter (level 2, -1/16 HPs)
             Began as a Gargoyle Hexslinger on July 3, 2023.
             Slain by a quokka (3 damage)
             ... on level 1 of the Dungeon.
             The game lasted 00:00:05 (158 turns).

qw the Shooter (Gargoyle Hexslinger)                 Turns: 158, Time: 00:00:06

Health: -1/16      AC:  4    Str: 11    XL:     2   Next: 29%
Magic:  3/3        EV: 12    Int: 13    God:
Gold:   3          SH:  0    Dex: 12    Spells: 2/3 levels left

rFire   . . .        a - +1 sling
rCold   . . .        (no shield)
rNeg    + . .        c - +0 robe
rPois   inf          (no helmet)
rElec   +            (no cloak)
rCorr   .            (no gloves)
SInv    .            (no boots)
Will    .....        (no amulet)
Stlth   +            (no ring)
HPRegen 0.22/turn    (no ring)
MPRegen 0.08/turn

%: no passive effects
@: no status effects
A: sickness immunity, AC +2, negative energy resistance 1, electricity
resistance, torment resistance 1, petrification resistance
a: no special abilities


You were on level 1 of the Dungeon.
You visited 1 branch of the dungeon, and saw 1 of its levels.

You collected 3 gold pieces.


Innate Abilities, Weirdness & Mutations

You are immune to sickness and miasma.
Your stone body is resilient. (AC +2)
You are immune to poison.
You resist negative energy. (rN+)
You are resistant to electric shocks. (rElec)
You are resistant to unholy torment.
You are immune to petrification.


   Skills:
 - Level 1.1 Fighting
 + Level 2.9 Ranged Weapons
 - Level 1.5 Dodging
 - Level 1.0 Spellcasting
 - Level 2.6 Hexes


You had 2 spell levels left.
You knew the following spells:

 Your Spells              Type           Power      Damage    Failure   Level
a - Slow                  Hex            28%        N/A       10%         1

Your spell library contained the following spells:

 Spells                   Type           Power      Damage    Failure   Level
 Inner Flame              Hex/Fire       4%         N/A       43%         3
 Portal Projectile        Hex/Tloc       8%         N/A       43%         3
 Cause Fear               Hex            3%         N/A       67%         4

Inventory:

Hand Weapons
 a - a +1 sling (weapon)
Armour
 c - a +0 robe (worn)
Jewellery
 f - an amulet of faith
Scrolls
 b - a scroll of poison
 e - a scroll of teleportation {unknown}
Potions
 d - 2 potions of curing {unknown}

Dungeon Overview and Level Annotations

Branches:
Dungeon (1/15)

Altars:


Message History

The slug dart misses you.
You shoot a sling bullet. The sling bullet hits the dart slug.
You kill the dart slug!
You have reached level 2!
You start resting.
HP restored.
f - an amulet of faith
Enter note: A hobgoblin comes into view.
Enter note: You shoot a sling bullet.
The sling bullet hits the hobgoblin.
The hobgoblin shouts!
The hobgoblin is almost dead.
You shoot a sling bullet. The sling bullet hits the hobgoblin.
You kill the hobgoblin!
You now have 3 gold pieces.
A quokka comes into view.
The quokka moves out of view.
Enter note: A dart slug and a hobgoblin come into view.
The hobgoblin moves out of view.
Enter note: You shoot a sling bullet.
The sling bullet hits the dart slug.
The dart slug is severely wounded.
You shoot a sling bullet. The sling bullet hits the quokka.
The quokka is moderately wounded.
You shoot a sling bullet.
The sling bullet closely misses the quokka.
The sling bullet hits the dart slug.
The dart slug is almost dead.
The quokka bites you. x2; The hobgoblin barely misses you.
You shoot a sling bullet.
The sling bullet closely misses the quokka.
The sling bullet hits the dart slug.
You kill the dart slug!
The quokka completely misses you. The hobgoblin hits you.
You shoot a sling bullet.
The sling bullet barely misses the quokka.
The quokka bites you. The hobgoblin hits you. The quokka bites you.
You die...

..#.....# ..#.....##
.........# #####.
.........# ......
%........#######
......
...............##....
###...##.#####.#..#
#......# #....##..##
#....### #..@r%....#
####.### ###g...#...
#.....# ##..##
#.....# .## #.....#
.# #.....# .# #.....#
.. ####### ..


You could see a quokka and a hobgoblin.

Vanquished Creatures
  3 dart slugs (D:1)
  A hobgoblin (D:1)
  2 ball pythons (D:1)
6 creatures vanquished.

Notes
Turn   | Place    | Note
-------+----------+-------------------------------------------
     0 | D:1      | qw the Gargoyle Hexslinger began the quest for the Orb.
     0 | D:1      | Reached XP level 1. HP: 12/12 MP: 2/2
     0 | D:1      | 0 ||| qw: Version: 0.3-a-40-ge99b1a8
     0 | D:1      | 0 ||| qw: Game counter: 363
     0 | D:1      | 0 ||| qw: Melee chars always use a shield: true
     0 | D:1      | 0 ||| qw: God list: Okawaru
     0 | D:1      | 0 ||| qw: Allow faded altars: false
     0 | D:1      | 0 ||| qw: Do Orc after clearing Dungeon:15 true
     0 | D:1      | 0 ||| qw: Do second Lair branch before Depths: true
     0 | D:1      | 0 ||| qw: Lair rune preference: random
     0 | D:1      | 0 ||| qw: Goals: Normal
     0 | D:1      | 0 ||| PLANNING D:1-11
    48 | D:1      | 48 ||| FLEEEEING.
    49 | D:1      | 49 ||| FLEEEEING.
    50 | D:1      | 50 ||| FLEEEEING.
    51 | D:1      | 51 ||| FLEEEEING.
    52 | D:1      | 52 ||| FLEEEEING.
    53 | D:1      | 53 ||| FLEEEEING.
   118 | D:1      | Reached XP level 2. HP: 14/16 MP: 3/3
   158 | D:1      | HP: 3/16 [quokka (4)]
   158 | D:1      | Slain by a quokka

Levels and vault maps discovered:
D:1:      grunt_arrival_crossed_arrows, layout_loops_cross,
          minmay_misc_feat_more_columns, minmay_cupped

Action                     || total
---------------------------++-------
   Fire: Sling             ||    18
 Armour: Robe              ||     1
  Dodge: Dodged            ||     3

Table legend:
 A = Non-vault XP
 B = Vault XP
 C = Vault XP percentage of total XP
 D = Non-vault monster count
 E = Vault monster count
 F = Vault count percentage of total count
                 A         B        C        D         E       F
            +---------+---------+-------+---------+---------+-------
      Total |      13 |       4 |  23.5 |       5 |       1 |  16.7
            +---------+---------+-------+---------+---------+-------
        D:1 |      13 |       4 |  23.5 |       5 |       1 |  16.7
            +---------+---------+-------+---------+---------+-------
